[Event "Titled Tuesday Blitz May 9 Early 2023"]
[White "Srdanovic, Jovana"]
[Black "Dinu, Dumitru-Daniel"]
[WhiteFideId "954810"]
[BlackFideId "1208403"]
[WhiteElo "2169"]
[BlackElo "2240"]
[Result "0-1"]
[Round "02"]
[TimeControl "180+2"]
[Date "2023.05.09"]
[WhiteClock "0:00:10"]
[BlackClock "0:00:11"]

1. d4 Nf6 2. c4 e6 3. Nc3 Bb4 4. e3 c5 5. Bd3 Nc6 6. Ne2 cxd4 7. exd4 d5 8. cxd5 Nxd5 9. O-O O-O 10. Qc2 h6 11. Nxd5 Qxd5 12. Be3 Be7 13. a3 Bf6 14. Rfd1 Qd8 15. Be4 Ne7 16. Nc3 Nd5 17. Bxd5 exd5 18. Qb3 Be6 19. Qxb7 Rb8 20. Qxa7 Rxb2 21. Rab1 Rxb1 22. Rxb1 Qc8 23. Na4 Qc2 24. Ra1 Rc8 25. h3 Rc4 26. Nc5 Rxc5 27. dxc5 Bxa1 28. Qa8+ Kh7 29. c6 d4 30. Bf4 d3 31. c7 d2 32. Bxd2 Qxd2 33. c8=Q Bxc8 34. Qxc8 Qe1+ 35. Kh2 Be5+ 36. g3 Qxf2+ 37. Kh1 Qf3+ 38. Kg1 Qxg3+ 39. Kf1 Qf4+ 40. Ke2 Qe4+ 41. Kd1 Qd3+ 42. Ke1 Qc3+ 43. Qxc3 Bxc3+ 44. Ke2 Kg6 45. Kd3 Ba5 46. Kc4 Kf5 0-1


[Site "https://www.chess.com"]

[Event "Titled Tuesday Blitz May 9 Early 2023"]
[White "Smietanska, Wiktoria"]
[Black "Jimenez Almeida, Luis David"]
[WhiteFideId "21869359"]
[BlackFideId "22242244"]
[WhiteElo "1995"]
[BlackElo "2245"]
[Result "0-1"]
[Round "02"]
[TimeControl "180+2"]
[Date "2023.05.09"]
[WhiteClock "0:00:00"]
[BlackClock "0:01:03"]

1. c4 f5 2. Nc3 Nf6 3. g3 g6 4. Bg2 Bg7 5. e3 O-O 6. Nge2 e5 7. d3 Nc6 8. O-O d6 9. a3 a5 10. Rb1 Be6 11. b4 axb4 12. axb4 Qd7 13. b5 Nd8 14. Qb3 Kh8 15. d4 e4 16. d5 Bg8 17. Nd4 Ng4 18. Ba3 b6 19. Bb4 Nb7 20. Ra1 Nc5 21. Qc2 Nd3 22. Ba3 h5 23. h3 Nge5 24. Nce2 h4 25. Nf4 hxg3 26. fxg3 Ra5 27. Nde6 Rfa8 28. Nxg7 Qxg7 29. Bb2 Nxb2 30. Qxb2 Nf3+ 31. Bxf3 Qxb2 0-1


[Site "https://www.chess.com"]

[Event "Titled Tuesday Blitz May 9 Early 2023"]
[White "Liu, Casper"]
[Black "Schut, Han"]
[WhiteFideId "1454153"]
[BlackFideId "1005561"]
[WhiteElo "2221"]
[BlackElo "2024"]
[Result "1-0"]
[Round "02"]
[TimeControl "180+2"]
[Date "2023.05.09"]
[WhiteClock "0:00:08"]
[BlackClock "0:00:00"]

1. b3 e5 2. Bb2 Nc6 3. g3 Bd6 4. Bg2 Qe7 5. d3 f5 6. Nc3 Nf6 7. Nd5 Nxd5 8. Bxd5 e4 9. dxe4 Be5 10. Bxe5 Qxe5 11. Nf3 Qc3+ 12. Kf1 Nb4 13. Kg2 c6 14. a3 cxd5 15. axb4 dxe4 16. Nd4 O-O 17. Nb5 Qe5 18. Nxa7 f4 19. Re1 d5 20. Nxc8 Raxc8 21. Ra5 Rcd8 22. c4 f3+ 23. exf3 exf3+ 24. Kh1 Qh5 25. Rxd5 Qh3 26. Rg1 Rde8 27. Qf1 Qg4 28. h3 Qg6 29. Qd3 Re2 30. Qxg6 hxg6 31. Rf1 Rfe8 32. Rd3 Rf8 33. Kg1 g5 34. b5 b6 35. Rfd1 Kh7 36. Re3 Rb2 37. Rdd3 Rb1+ 38. Kh2 Rf1 39. Rxf3 Rxf2+ 40. Rxf2 Rxf2+ 41. Kg1 Rb2 42. Re3 Kg6 43. Re6+ Kf5 44. Rxb6 Ke4 45. Rb7 Kf3 46. Rf7+ Kxg3 47. Kf1 Rxb3 48. Rxg7 Rb1+ 49. Ke2 Rb2+ 50. Kd3 Kf4 51. Kd4 Rd2+ 52. Kc5 Rh2 53. b6 Rxh3 54. b7 Rh8 55. Kc6 g4 56. Kc7 g3 57. b8=Q Rxb8 58. Kxb8 1-0


[Site "https://www.chess.com"]

[Event "Titled Tuesday Blitz May 9 Early 2023"]
[White "Dudzinski, Pawel"]
[Black "Andreassen, Lars"]
[WhiteFideId "1117890"]
[BlackFideId "1504878"]
[WhiteElo "2099"]
[BlackElo "2119"]
[Result "1-0"]
[Round "02"]
[TimeControl "180+2"]
[Date "2023.05.09"]
[WhiteClock "0:00:36"]
[BlackClock "0:00:01"]

1. e4 d6 2. Nc3 Nf6 3. g3 e5 4. Bg2 Be7 5. Nge2 O-O 6. d4 c6 7. a4 Qc7 8. O-O Bg4 9. f3 Bh5 10. g4 Bg6 11. h4 h5 12. g5 Nfd7 13. f4 exf4 14. Nxf4 c5 15. Nxh5 cxd4 16. Nd5 Qd8 17. Nhf4 Nc6 18. h5 Bxg5 19. hxg6 Nde5 20. gxf7+ Rxf7 21. Ne6 Rxf1+ 22. Qxf1 Be3+ 23. Nxe3 Qe7 24. Nxd4 Nxd4 25. Nf5 Nxf5 26. exf5 Rc8 27. Bd5+ Kf8 28. f6 gxf6 29. Bh6+ Ke8 30. Qf5 Rc5 31. Bg2 Kd8 32. Rd1 Kc7 33. Be3 Rc4 34. Bf4 Qg7 35. b3 Nf3+ 36. Kf2 Qxg2+ 37. Kxg2 Nh4+ 38. Kh1 Nxf5 39. bxc4 1-0


[Site "https://www.chess.com"]

[Event "Titled Tuesday Blitz May 9 Early 2023"]
[White "Ramirez, Maria Eugenia"]
[Black "Toktomushev, Teimur"]
[WhiteFideId "3301680"]
[BlackFideId "14176726"]
[WhiteElo "1842"]
[BlackElo "2116"]
[Result "0-1"]
[Round "02"]
[TimeControl "180+2"]
[Date "2023.05.09"]
[WhiteClock "0:00:18"]
[BlackClock "0:00:04"]

1. e4 c5 2. c3 d5 3. exd5 Qxd5 4. Na3 Nf6 5. Nf3 Nc6 6. Nb5 Qd8 7. Be2 a6 8. Na3 e6 9. O-O Be7 10. Nc2 O-O 11. d4 b6 12. Be3 Bb7 13. dxc5 Bxc5 14. Bxc5 bxc5 15. Ne3 Qe7 16. Qc2 Nd5 17. Nxd5 exd5 18. Rfe1 Qf6 19. Rad1 Rad8 20. Bd3 g6 21. b3 Rfe8 22. Bf1 Ne5 23. Nxe5 Rxe5 24. Rxe5 Qxe5 25. Qe2 Qf6 26. Qe3 d4 27. cxd4 cxd4 28. Qd3 Kg7 29. Be2 h5 30. Bf3 Bxf3 31. Qxf3 Qxf3 32. gxf3 Kf6 33. Kf1 Ke5 34. Rd3 Rc8 35. a4 Rc1+ 36. Kg2 Rc3 37. f4+ Kd5 38. Rd1 Rxb3 39. Re1 d3 40. Re7 Kc4 41. Rc7+ Kb4 42. Rxf7 d2 43. Rd7 Kc3 44. Kf1 Rb1+ 45. Ke2 Re1+ 46. Kf3 d1=Q+ 0-1


[Site "https://www.chess.com"]

[Event "Titled Tuesday Blitz May 9 Early 2023"]
[White "Yosha_Iglesias"]
[Black "Wimalasuriya, Kasun M."]
[BlackFideId "9906789"]
[WhiteElo "2439"]
[BlackElo "2207"]
[Result "0-1"]
[Round "02"]
[TimeControl "180+2"]
[Date "2023.05.09"]
[WhiteClock "0:00:16"]
[BlackClock "0:00:33"]

1. d4 Nf6 2. Nf3 g6 3. Nbd2 d5 4. e3 Bg7 5. b4 O-O 6. Be2 a5 7. b5 c5 8. bxc6 bxc6 9. Ba3 Nbd7 10. O-O Re8 11. c4 e5 12. cxd5 Nxd5 13. Qc2 Bb7 14. Nc4 Re6 15. Nd6 Qc7 16. Nxf7 h6 17. N7xe5 Nxe5 18. Nxe5 Bxe5 19. dxe5 Qxe5 20. Bb2 Qg5 21. Bc4 Rae8 22. Rad1 R8e7 23. Ba1 Kh7 24. Qb2 Kg8 25. Qh8+ Kf7 26. Rd4 c5 27. Bxd5 cxd4 28. Bxe6+ Kxe6 29. Qg7 Qxg2# 0-1


[Site "https://www.chess.com"]

[Event "Titled Tuesday Blitz May 9 Early 2023"]
[White "rionelG"]
[Black "Mackster23"]
[WhiteElo "2207"]
[BlackElo "2438"]
[Result "0-1"]
[Round "02"]
[TimeControl "180+2"]
[Date "2023.05.09"]
[WhiteClock "0:00:07"]
[BlackClock "0:00:18"]

1. e4 e6 2. d3 d5 3. Nd2 c5 4. g3 Nc6 5. Bg2 Nf6 6. Ngf3 Be7 7. O-O O-O 8. Re1 Re8 9. e5 Nd7 10. Nf1 b5 11. h4 Bf8 12. N1h2 b4 13. Ng5 h6 14. Qh5 g6 15. Qe2 Ndxe5 16. Bf4 Bg7 17. Ngf3 Nxf3+ 18. Nxf3 e5 19. Bc1 Bg4 20. Qe3 Nd4 21. Nxd4 cxd4 22. Qd2 a5 23. a3 Qd6 24. c3 dxc3 25. bxc3 bxc3 26. Qxc3 e4 27. d4 Rec8 28. Qd2 Rc4 29. Bb2 Rb8 30. Bf1 Rc7 31. Bc3 a4 32. Bb4 Qf6 33. Rac1 Rxc1 34. Rxc1 Qxd4 35. Qxd4 Bxd4 36. Rc7 Be5 37. Bg2 Be6 38. Kh2 Bxc7 0-1


[Site "https://www.chess.com"]

[Event "Titled Tuesday Blitz May 9 Early 2023"]
[White "Yang,ching Wei, Austin"]
[Black "Koutsin"]
[WhiteFideId "16300440"]
[WhiteElo "2101"]
[BlackElo "2437"]
[Result "0-1"]
[Round "02"]
[TimeControl "180+2"]
[Date "2023.05.09"]
[WhiteClock "0:00:00"]
[BlackClock "0:01:17"]

1. e4 e6 2. d4 d5 3. e5 c5 4. c3 Nc6 5. Nf3 Qb6 6. Be2 Nge7 7. Na3 cxd4 8. cxd4 Nf5 9. Nc2 Bb4+ 10. Kf1 Be7 11. h4 f6 12. g4 Nh6 13. Bxh6 gxh6 14. exf6 Bxf6 15. g5 Bg7 16. gxh6 Bxh6 17. Ne5 Nxe5 18. dxe5 O-O 19. Rg1+ Kh8 20. Rg2 Qxb2 21. Nd4 Rf4 22. Nf3 Qb6 23. Rb1 Qd8 24. Qb3 Qf8 25. Rb2 b6 26. Rc2 Bd7 27. Rc7 Rd8 28. Qc3 Rf7 29. Ke1 Rc8 30. Nd4 Bf4 31. Rxc8 Qxc8 32. Qxc8+ Bxc8 33. Bh5 Rg7 34. Rxg7 Kxg7 35. Nc6 Bd7 36. Nxa7 Bxe5 37. Be2 Bf6 38. h5 Kh6 39. Nb5 Bxb5 40. Bxb5 Kxh5 41. Ke2 Kg5 0-1


[Site "https://www.chess.com"]

[Event "Titled Tuesday Blitz May 9 Early 2023"]
[White "Spaqi, Wilson"]
[Black "Kiseleva, Arina"]
[WhiteFideId "2053888"]
[BlackFideId "4164989"]
[WhiteElo "2437"]
[BlackElo "1708"]
[Result "0-1"]
[Round "02"]
[TimeControl "180+2"]
[Date "2023.05.09"]
[WhiteClock "0:01:02"]
[BlackClock "0:00:10"]

1. d4 Nf6 2. Bf4 e6 3. e3 c5 4. c3 Nc6 5. Nd2 d5 6. Bd3 Bd6 7. Bxd6 Qxd6 8. f4 O-O 9. g3 a5 10. a4 b6 11. Qe2 Ne8 12. Ngf3 Nc7 13. Bxh7+ Kxh7 14. Ng5+ Kg6 15. Qg4 e5 16. Qh4 exd4 17. e4 dxc3 18. bxc3 f5 19. e5 Nxe5 20. O-O Nf7 21. Ndf3 Be6 22. Qh3 Rh8 23. Qg2 Nxg5 24. Nxg5 d4 25. Rad1 Bd5 26. Rfe1 Bxg2 27. Kxg2 Qc6+ 28. Kg1 Rae8 29. Rf1 Re2 30. Nf3 Rhxh2 31. Ne5+ Rxe5 32. Kxh2 Re2+ 33. Kh3 Qg2+ 0-1


[Site "https://www.chess.com"]

[Event "Titled Tuesday Blitz May 9 Early 2023"]
[White "Putri, Regita Desyari"]
[Black "sebastianmarinp"]
[WhiteFideId "7109083"]
[WhiteElo "1930"]
[BlackElo "2436"]
[Result "0-1"]
[Round "02"]
[TimeControl "180+2"]
[Date "2023.05.09"]
[WhiteClock "0:00:00"]
[BlackClock "0:00:59"]

1. e4 e5 2. Nf3 Nc6 3. Bb5 a6 4. Ba4 Nf6 5. O-O b5 6. Bb3 Bb7 7. Re1 Bc5 8. h3 d6 9. c3 h6 10. d4 Bb6 11. a4 O-O 12. Na3 Ne7 13. Bc2 Ng6 14. d5 c6 15. dxc6 Bxc6 16. Be3 Bxe3 17. Rxe3 Nf4 18. axb5 axb5 19. Kh2 Qe7 20. g3 Ne6 21. Nh4 g6 22. Ng2 Nc5 23. Qe2 Qb7 24. f3 b4 25. Nc4 Rxa1 26. Nxd6 Qe7 27. Nc4 b3 0-1


[Site "https://www.chess.com"]

[Event "Titled Tuesday Blitz May 9 Early 2023"]
[White "Manukian, Artak"]
[Black "Floresvillar Gonzalez, Luis Migu"]
[WhiteFideId "13301373"]
[BlackFideId "5100542"]
[WhiteElo "2130"]
[BlackElo "2040"]
[Result "1-0"]
[Round "02"]
[TimeControl "180+2"]
[Date "2023.05.09"]
[WhiteClock "0:01:23"]
[BlackClock "0:00:00"]

1. e4 c6 2. d4 d5 3. e5 c5 4. dxc5 Nc6 5. Bb5 Qa5+ 6. Nc3 e6 7. Bd2 Qc7 8. Nf3 Bxc5 9. O-O Ne7 10. Bf4 f5 11. h4 Bd7 12. a4 a6 13. Be2 Ng6 14. Bg3 O-O 15. Nxd5 Qb8 16. Nf6+ gxf6 17. Qxd7 Qc8 18. Qxc8 Raxc8 19. exf6 f4 20. Bh2 Rxf6 21. h5 Nge5 22. c3 Ng4 23. Rae1 Nxh2 24. Nxh2 e5 25. Ng4 Rf5 26. Nh6+ Kg7 27. Nxf5+ Kf6 28. Bd3 Rd8 29. Bb1 b5 30. axb5 axb5 31. Nh4 Kg5 32. Nf3+ Kxh5 33. Nxe5 Rc8 34. Nxc6 Rxc6 35. Re5+ 1-0


[Site "https://www.chess.com"]

[Event "Titled Tuesday Blitz May 9 Early 2023"]
[White "Kiseljova, Marya"]
[Black "Aakanksha Hagawane"]
[WhiteFideId "4155009"]
[BlackFideId "25014510"]
[WhiteElo "1831"]
[BlackElo "2081"]
[Result "0-1"]
[Round "02"]
[TimeControl "180+2"]
[Date "2023.05.09"]
[WhiteClock "0:00:00"]
[BlackClock "0:00:42"]

1. d4 Nf6 2. c4 c5 3. d5 e6 4. Nc3 exd5 5. cxd5 d6 6. e4 g6 7. Nf3 Bg7 8. Be3 O-O 9. h3 Re8 10. Bb5 Bd7 11. Bd3 b5 12. e5 dxe5 13. Bxb5 Bxb5 14. Nxb5 e4 15. Nd2 Nxd5 16. Bxc5 e3 17. Nb3 exf2+ 18. Kxf2 Qh4+ 19. g3 Qf6+ 20. Kg2 Qxb2+ 21. Qd2 Re2+ 22. Kf3 Rxd2 23. Nxd2 Qxd2 24. Rad1 Qxa2 25. Nc7 Qb3+ 26. Ke4 Qc4+ 27. Rd4 Bxd4 28. Bxd4 Nxc7 29. Rb1 Qc2+ 0-1


[Site "https://www.chess.com"]

[Event "Titled Tuesday Blitz May 9 Early 2023"]
[White "Deepak, Katiyar"]
[Black "Urbina Perez, Juan Antonio"]
[WhiteFideId "5026792"]
[BlackFideId "2217368"]
[WhiteElo "2069"]
[BlackElo "2197"]
[Result "0-1"]
[Round "02"]
[TimeControl "180+2"]
[Date "2023.05.09"]
[WhiteClock "0:00:00"]
[BlackClock "0:00:47"]

1. Nf3 d5 2. g3 c6 3. Bg2 Bg4 4. O-O e6 5. d3 Nd7 6. Nbd2 Ngf6 7. h3 Bh5 8. e4 e5 9. Re1 dxe4 10. dxe4 Bc5 11. c3 O-O 12. Nc4 Re8 13. Bg5 Qc7 14. Qc2 h6 15. Be3 Bxe3 16. Nxe3 Bg6 17. Nf5 Bxf5 18. exf5 Rad8 19. Rad1 Qa5 20. Qb3 Nc5 21. Qc4 e4 22. b4 Qa4 23. Rxd8 Rxd8 24. Qxc5 exf3 25. Bxf3 Qxa2 26. Rd1 Rxd1+ 27. Bxd1 Qb1 28. Qd4 Ne4 29. Kg2 Nxc3 30. Qxc3 Qxd1 31. Qe3 Qd5+ 32. Kh2 Qxf5 33. Qxa7 Qd7 34. Qb8+ Kh7 35. Qf4 g6 36. Qc4 Qd5 37. Qe2 b5 0-1


[Site "https://www.chess.com"]

[Event "Titled Tuesday Blitz May 9 Early 2023"]
[White "Pinto, Daniel"]
[Black "Paiva, Henrique M A Albergaria"]
[WhiteFideId "3303144"]
[BlackFideId "1920995"]
[WhiteElo "2145"]
[BlackElo "2007"]
[Result "1-0"]
[Round "02"]
[TimeControl "180+2"]
[Date "2023.05.09"]
[WhiteClock "0:01:24"]
[BlackClock "0:00:00"]

1. e4 c5 2. Nf3 d6 3. c3 Nf6 4. Be2 Bg4 5. O-O Nc6 6. d4 cxd4 7. cxd4 e6 8. d5 Nb8 9. Bb5+ Nbd7 10. dxe6 Bxe6 11. Nd4 Be7 12. Nxe6 fxe6 13. Nc3 O-O 14. Bc4 Nc5 15. Qe2 d5 16. exd5 exd5 17. Rd1 Re8 18. Nxd5 Nxd5 19. Rxd5 1-0


[Site "https://www.chess.com"]

[Event "Titled Tuesday Blitz May 9 Early 2023"]
[White "feuervogel1000000"]
[Black "Dahlgren, James Allen"]
[BlackFideId "22256873"]
[WhiteElo "2432"]
[BlackElo "2187"]
[Result "1-0"]
[Round "02"]
[TimeControl "180+2"]
[Date "2023.05.09"]
[WhiteClock "0:02:39"]
[BlackClock "0:02:37"]

1. e4 e6 2. d4 c5 3. d5 exd5 4. exd5 d6 5. Nc3 f5 6. Nf3 Nf6 7. Ng5 Be7 8. Bb5+ Kf8 9. Qe2 a6 10. Bd3 b5 11. Ne6+ Bxe6 12. Qxe6 g6 13. Bh6+ Ke8 14. Bg7 1-0


[Site "https://www.chess.com"]

[Event "Titled Tuesday Blitz May 9 Early 2023"]
[White "Da Silva, Lindolfo Luiz"]
[Black "Tarnowska, Aleksandra"]
[WhiteFideId "2106558"]
[BlackFideId "1180967"]
[WhiteElo "2429"]
[BlackElo "1776"]
[Result "0-1"]
[Round "02"]
[TimeControl "180+2"]
[Date "2023.05.09"]
[WhiteClock "0:00:00"]
[BlackClock "0:00:03"]

1. d4 d5 2. g3 Nf6 3. Bg2 e6 4. Nf3 b6 5. O-O Bb7 6. c4 dxc4 7. Ne5 Bxg2 8. Kxg2 c5 9. Qa4+ Nbd7 10. dxc5 Bxc5 11. Bg5 Qc7 12. Rd1 Qxe5 13. Bxf6 Qe4+ 14. Kg1 O-O 15. Nc3 Bxf2+ 16. Kxf2 Qf5+ 17. Kg2 Nxf6 18. Rf1 Qh5 19. Qxc4 Ng4 20. Qf4 Qxh2+ 21. Kf3 f5 22. Rad1 e5 23. Qg5 e4+ 24. Nxe4 fxe4+ 25. Kxg4 Qxe2+ 26. Kh4 h6 27. Qd5+ Kh8 28. Rxf8+ Rxf8 29. Qd6 Qh2+ 30. Kg4 Qe2+ 31. Kh3 Qh5+ 32. Kg2 Qf3+ 33. Kh2 Qf2+ 34. Kh3 Rf6 0-1


[Site "https://www.chess.com"]

[Event "Titled Tuesday Blitz May 9 Early 2023"]
[White "Ciuffoletti, Paolo"]
[Black "Fernandez Garcia, Gumersindo"]
[WhiteFideId "807630"]
[BlackFideId "24516740"]
[WhiteElo "2143"]
[BlackElo "2093"]
[Result "0-1"]
[Round "02"]
[TimeControl "180+2"]
[Date "2023.05.09"]
[WhiteClock "0:00:12"]
[BlackClock "0:00:21"]

1. e4 c5 2. d4 cxd4 3. c3 dxc3 4. Nxc3 Nc6 5. Nf3 e6 6. Bc4 Nf6 7. O-O Qc7 8. h3 h5 9. Qe2 Ng4 10. g3 Nce5 11. Nxe5 Nxe5 12. Bb3 h4 13. Bf4 hxg3 14. Bxg3 Bc5 15. Nb5 Qb8 16. Rac1 b6 17. Rfd1 Rxh3 18. Rxc5 Rxg3+ 19. fxg3 bxc5 20. Nd6+ Ke7 21. Qh5 Qxd6 22. Rxd6 Kxd6 23. Qh8 Bb7 24. Qxg7 Bxe4 25. Qf6 c4 26. Qf4 Bd5 27. Bc2 Rh8 28. Be4 Rg8 29. Bxd5 Kxd5 30. a4 f5 31. Qf2 Nd3 32. Qxa7 Rxg3+ 33. Kf1 Rf3+ 34. Ke2 Rf2+ 35. Qxf2 Nxf2 36. Kxf2 Kc5 37. Ke3 d5 0-1


[Site "https://www.chess.com"]

[Event "Titled Tuesday Blitz May 9 Early 2023"]
[White "Koridze, Lile"]
[Black "Chemin, Justo Reinaldo"]
[WhiteFideId "13612514"]
[BlackFideId "2101580"]
[WhiteElo "2047"]
[BlackElo "1940"]
[Result "1-0"]
[Round "02"]
[TimeControl "180+2"]
[Date "2023.05.09"]
[WhiteClock "0:00:17"]
[BlackClock "0:00:00"]

1. d4 e6 2. c4 d5 3. Nf3 c6 4. e3 Nf6 5. Nbd2 Nbd7 6. Bd3 Bd6 7. O-O Qe7 8. a3 e5 9. dxe5 Nxe5 10. Nxe5 Qxe5 11. g3 h5 12. Nf3 Qe7 13. Nh4 g5 14. Nf5 Bxf5 15. Bxf5 dxc4 16. e4 g4 17. Bg5 Rg8 18. Bh4 Qe5 19. Qe2 b5 20. Rad1 Nd5 21. Rfe1 Nb6 22. Qd2 Bc7 23. Bd7+ Nxd7 24. Qxd7+ Kf8 25. Qxc6 Re8 26. Rd7 Bb6 27. Bf6 Qc5 28. Qxc5+ Bxc5 29. Rc7 Bb6 30. Rd7 Rg6 31. Bc3 Rge6 32. e5 f6 33. Rh7 fxe5 34. Rxh5 e4 35. Kg2 e3 36. fxe3 Rxe3 37. Rh8+ Kf7 38. Rf1+ 1-0


[Site "https://www.chess.com"]

[Event "Titled Tuesday Blitz May 9 Early 2023"]
[White "Ruge, Edison"]
[Black "Garakov, Mikhael"]
[WhiteFideId "4401000"]
[BlackFideId "4169034"]
[WhiteElo "2175"]
[BlackElo "2347"]
[Result "1-0"]
[Round "02"]
[TimeControl "180+2"]
[Date "2023.05.09"]
[WhiteClock "0:01:05"]
[BlackClock "0:00:01"]

1. e4 c5 2. Nf3 e6 3. d3 Nc6 4. Nbd2 g6 5. g3 Bg7 6. Bg2 d5 7. O-O Nf6 8. Re1 O-O 9. c3 a5 10. exd5 exd5 11. Nb3 b6 12. a4 h6 13. d4 c4 14. Nbd2 g5 15. Nf1 Bf5 16. h4 g4 17. Ne5 Nxe5 18. Rxe5 Be4 19. Bxe4 Nxe4 20. Qxg4 h5 21. Rxh5 Nf6 22. Qf3 Nxh5 23. Qxh5 f5 24. Bf4 Qe8 25. Qxe8 Raxe8 26. Ne3 Rd8 27. Re1 Kh7 28. Re2 Bh6 29. Bc7 Rd7 30. Bxb6 f4 31. Ng4 fxg3 32. fxg3 Rg7 33. Nxh6 Rxg3+ 34. Kh2 Rg6 35. Bc5 Rf4 36. Be7 Rxh6 37. Bg5 Rhxh4+ 38. Bxh4 Rxh4+ 39. Kg3 Rh6 40. Kf4 Kg7 41. Ke5 Rh5+ 42. Kd6 Kf7 43. Kc5 Rf5 44. Kb5 Rf6 45. Kxa5 1-0


[Site "https://www.chess.com"]

[Event "Titled Tuesday Blitz May 9 Early 2023"]
[White "Larina, Maria"]
[Black "Garagulya, Konstantin"]
[WhiteFideId "24113182"]
[BlackFideId "4128931"]
[WhiteElo "1848"]
[BlackElo "2329"]
[Result "0-1"]
[Round "02"]
[TimeControl "180+2"]
[Date "2023.05.09"]
[WhiteClock "0:00:00"]
[BlackClock "0:00:49"]

1. e4 c5 2. Nc3 a6 3. g3 b5 4. Bg2 Bb7 5. d3 e6 6. Nf3 d5 7. exd5 exd5 8. d4 Nf6 9. O-O Nbd7 10. dxc5 Bxc5 11. Re1+ Be7 12. Ne5 O-O 13. Bf4 Nb6 14. Ne2 h6 15. Nd4 Ne4 16. Qg4 Nf6 17. Qd1 Rc8 18. c3 Re8 19. Qd3 Nc4 20. b3 Nd6 21. h3 Nde4 22. Rac1 Qa5 23. Ne2 Bc5 24. Rf1 Qb6 25. Qf3 g5 26. Ng4 Nxg4 27. Qxg4 Nxf2 28. Rxf2 Bxf2+ 29. Kh2 Qg6 30. Bd2 h5 31. Qf3 Bc5 32. Nd4 Bxd4 33. cxd4 Rxc1 34. Bxc1 f6 35. Ba3 Kg7 36. Bc5 Kh6 37. h4 gxh4 38. gxh4 Re4 39. Bd6 Rxh4+ 40. Bh3 Bc8 41. Bf4+ Kh7 0-1


[Site "https://www.chess.com"]

[Event "Titled Tuesday Blitz May 9 Early 2023"]
[White "Mouhamad, Joachim"]
[Black "KSho99"]
[WhiteFideId "656410"]
[WhiteElo "2125"]
[BlackElo "2158"]
[Result "1-0"]
[Round "02"]
[TimeControl "180+2"]
[Date "2023.05.09"]
[WhiteClock "0:00:08"]
[BlackClock "0:00:00"]

1. e4 e6 2. d4 d5 3. Nc3 Be7 4. Be3 dxe4 5. Nxe4 Nd7 6. Nf3 Ngf6 7. Nxf6+ Nxf6 8. Bd3 O-O 9. Qe2 b6 10. O-O-O Bb7 11. Ne5 Qd5 12. Kb1 c5 13. Rhg1 cxd4 14. Bxd4 Rfd8 15. Bc3 Qc5 16. f4 Rac8 17. a3 b5 18. Bb4 Qc7 19. g4 Bxb4 20. axb4 Nd5 21. Qd2 a5 22. bxa5 b4 23. Nc4 Ba6 24. Nb6 Nxb6 25. axb6 Qxb6 26. Rg3 Bxd3 27. Rxd3 Rxd3 28. Qxd3 h6 29. g5 hxg5 30. fxg5 Qf2 31. g6 Qxh2 32. gxf7+ Kxf7 33. Qd7+ Kg8 34. Qxc8+ 1-0


[Site "https://www.chess.com"]

[Event "Titled Tuesday Blitz May 9 Early 2023"]
[White "Winkels, Marcel"]
[Black "Kielinkei"]
[WhiteFideId "1003887"]
[WhiteElo "1900"]
[BlackElo "2428"]
[Result "1-0"]
[Round "02"]
[TimeControl "180+2"]
[Date "2023.05.09"]
[WhiteClock "0:00:06"]
[BlackClock "0:00:00"]

1. d4 Nf6 2. Nc3 d5 3. Bf4 e6 4. Nb5 Na6 5. e3 c6 6. Nc3 Nc7 7. Nf3 Bd6 8. Ne5 O-O 9. Be2 Nd7 10. Nxf7 Rxf7 11. Bxd6 Nf6 12. Bg3 Qe7 13. O-O Nce8 14. Bf3 Nd6 15. Re1 Bd7 16. e4 dxe4 17. Nxe4 Ndxe4 18. Bxe4 Nxe4 19. Rxe4 Qg5 20. c3 Raf8 21. Re5 Qg6 22. Qe2 Rf5 23. Re1 R8f7 24. Rxf5 exf5 25. Be5 Qe6 26. b3 f4 27. f3 Qd5 28. c4 Qa5 29. a4 Re7 30. Rd1 g5 31. Qd2 Qb6 32. Kh1 Bf5 33. b4 h6 34. c5 Qa6 35. d5 cxd5 36. Qxd5+ Be6 37. Qd6 Qxd6 38. Bxd6 Rd7 39. Re1 Kf7 40. h3 Bb3 41. a5 a6 42. Kg1 Bd5 43. Re2 Bc4 44. Re5 Bb5 45. h4 Kf6 46. hxg5+ hxg5 47. Rd5 Bc6 48. Be5+ Ke6 49. Rxd7 Bxd7 50. Bd6 Kd5 51. Kf2 Kd4 52. Ke2 Kc4 53. Kd2 Bc6 54. Be7 g4 55. fxg4 Bxg2 56. Bd6 f3 57. Ke3 1-0


[Site "https://www.chess.com"]

[Event "Titled Tuesday Blitz May 9 Early 2023"]
[White "Fabris, Alberto"]
[Black "Vivas Zamora, Fabian Ernesto"]
[WhiteFideId "801348"]
[BlackFideId "3902480"]
[WhiteElo "2150"]
[BlackElo "2244"]
[Result "1-0"]
[Round "02"]
[TimeControl "180+2"]
[Date "2023.05.09"]
[WhiteClock "0:00:22"]
[BlackClock "0:00:00"]

1. e4 e5 2. Nf3 Nc6 3. Bc4 Nf6 4. d3 Bc5 5. c3 O-O 6. O-O d5 7. exd5 Nxd5 8. Re1 Bg4 9. Nbd2 Nb6 10. Nf1 Nxc4 11. dxc4 Qxd1 12. Rxd1 e4 13. h3 Bxf3 14. gxf3 exf3 15. Bf4 Rfe8 16. Ne3 Bxe3 17. Bxe3 Ne5 18. b3 Rad8 19. Kh2 f6 20. Kg3 Kf7 21. Rd4 c5 22. Rxd8 Rxd8 23. Bxc5 Rd2 24. Bxa7 g5 25. Bd4 Ke6 26. Bxe5 Kxe5 27. Kxf3 Rd3+ 28. Kg2 Rxc3 29. Re1+ Kf4 30. Re7 f5 31. Rxb7 h5 32. Rb4 h4 33. c5+ Ke5 34. Rb5 Kf4 35. b4 g4 36. hxg4 fxg4 37. Rb8 Rc2 38. Rf8+ Ke4 39. a4 g3 40. a5 gxf2 41. a6 h3+ 42. Kxh3 Kd5 43. a7 Ra2 44. Rxf2 Rxa7 45. Rf6 Kc4 46. Rb6 Rg7 47. c6 Rc7 48. b5 Kc5 49. Rb7 Rc8 50. c7 Kd6 51. b6 1-0


[Site "https://www.chess.com"]

[Event "Titled Tuesday Blitz May 9 Early 2023"]
[White "Tuleyeva-Aketayeva, Dana"]
[Black "Salman, Pavel"]
[WhiteFideId "13701932"]
[BlackFideId "24153753"]
[WhiteElo "2030"]
[BlackElo "2187"]
[Result "0-1"]
[Round "02"]
[TimeControl "180+2"]
[Date "2023.05.09"]
[WhiteClock "0:00:00"]
[BlackClock "0:00:16"]

1. d4 Nf6 2. Nf3 g6 3. g3 Bg7 4. Bg2 O-O 5. O-O d6 6. c4 Nbd7 7. Nc3 e5 8. dxe5 dxe5 9. Bg5 h6 10. Bxf6 Bxf6 11. Qc2 c6 12. Rfd1 Qe7 13. Ne4 Bg7 14. Nd6 Nc5 15. Nxc8 Raxc8 16. b4 Ne6 17. Rac1 Qxb4 18. Rb1 Qe7 19. Qa4 b6 20. Nd2 Nc5 21. Qa3 Rfe8 22. Nb3 Ne6 23. Qa4 Qc7 24. Rd2 f5 25. Rbd1 Re7 26. Rd6 e4 27. f3 Be5 28. R6d2 f4 29. fxe4 fxg3 30. h3 Kh7 31. Bf3 Nf4 32. Bg4 Rce8 33. Rd7 Nxe2+ 34. Kg2 Nf4+ 35. Kg1 Qb8 36. Qxc6 h5 37. Qe6 Nxe6 38. Bxe6 Kh6 0-1


[Site "https://www.chess.com"]

[Event "Titled Tuesday Blitz May 9 Early 2023"]
[White "Sargissyan, Sargis"]
[Black "Necula, Iulian"]
[WhiteFideId "13303210"]
[BlackFideId "1232380"]
[WhiteElo "2109"]
[BlackElo "1790"]
[Result "1-0"]
[Round "02"]
[TimeControl "180+2"]
[Date "2023.05.09"]
[WhiteClock "0:00:46"]
[BlackClock "0:00:11"]

1. e4 d6 2. d4 Nf6 3. Nc3 e5 4. Nf3 Nbd7 5. Bc4 Be7 6. O-O c6 7. a4 a5 8. Qe2 Qc7 9. dxe5 dxe5 10. Nh4 Nb6 11. Bb3 O-O 12. f4 Nxe4 13. Nxe4 Bxh4 14. Qh5 Be7 15. fxe5 Be6 16. Nf6+ Bxf6 17. exf6 Bxb3 18. Qg5 1-0


[Site "https://www.chess.com"]